 Dungeon Crawl Stone Soup version 0.30-a0-643-g638baaf3f0 (webtiles) character file.

Game seed: 11692636558320955051

2650 Citaku the Cleaver (level 9, 0/82 HPs)
             Began as a Minotaur Fighter on Jan 16, 2023.
             Was an Initiate of Gozag.
             Slain by a death yak (12 damage)
             ... on level 8 of the Dungeon.
             The game lasted 00:11:37 (7509 turns).

Citaku the Cleaver (Minotaur Fighter)               Turns: 7509, Time: 00:11:38

Health: 0/82       AC: 15    Str: 25    XL:     9   Next: 36%
Magic:  8/8        EV:  9    Int:  5    God:    Gozag
Gold:   511        SH:  4    Dex: 10    Spells: 8/8 levels left

rFire   + + .      SeeInvis .    G - +2 hand axe (flame)
rCold   . . .      Faith    .    c - +0 buckler
rNeg    . . .      Spirit   .    b - +0 scale mail
rPois   .          Reflect  .    (helmet restricted)
rElec   .          Harm     .    f - +2 cloak
rCorr   .          Rampage  .    v - +1 pair of gloves
Will    .....                    a - +0 pair of boots Stlth
                                 (no amulet)
HPRegen 0.33/turn                I - ring of protection from fire
MPRegen 0.11/turn                F - ring of protection from fire

@: mighty
A: horns 2, retaliatory headbutt
a: Renounce Religion, Potion Petition, Call Merchant, Bribe Branch


You were on level 8 of the Dungeon.
You worshipped Gozag.
Gozag was pleased with you.
You visited 2 branches of the dungeon, and saw 9 of its levels.
You also visited: Sewer.

You collected 1175 gold pieces.
You spent 560 gold pieces at shops.
You paid 104 gold pieces to Gozag.

Inventory:

Hand Weapons
 G - a +2 hand axe of flaming (weapon)
Missiles
 l - 9 javelins (quivered)
Armour
 a - a +0 pair of boots (worn)
 b - a +0 scale mail (worn)
 c - a +0 buckler (worn)
 f - a +2 cloak (worn)
 v - a +1 pair of gloves (worn)
Jewellery
 F - a ring of protection from fire (right hand)
 I - a ring of protection from fire (left hand)
Wands
 y - a wand of digging (1)
 B - a wand of polymorph (16)
 C - a wand of flame (30)
Scrolls
 h - 7 scrolls of noise
 j - 3 scrolls of amnesia
 k - a scroll of teleportation {unknown}
 o - 2 scrolls of poison {unknown}
 x - 2 scrolls of butterflies {unknown}
Potions
 n - a potion of cancellation
 p - a potion of lignification {unknown}
 q - 3 potions of curing
 r - a potion of attraction
 s - a potion of haste
 t - a potion of resistance {unknown}
 u - a potion of mutation
 D - 2 potions of brilliance {unknown}
 J - a potion of magic {unknown}
Miscellaneous
 e - a phantom mirror


   Skills:
 + Level 8.4 Fighting
 * Level 11.1 Axes
 + Level 8.5 Armour
 - Level 3.6 Shields


You had 8 spell levels left.
You didn't know any spells.
Your spell library contained the following spells:

 Spells                   Type           Power      Damage    Failure   Level
 Shock                    Conj/Air       0%         1d3       83%         1
 Swiftness                Air            0%         N/A       99%         3
 Airstrike                Air            0%         2d(0-16)  100%        4
 Borgnjor's Vile Clutch   Necr/Erth      0%         N/A       100%        5
 Death Channel            Necr           0%         N/A       100%        6
 Animate Dead             Necr           Unusable   N/A       N/A         4

Dungeon Overview and Level Annotations

Branches:
Dungeon (8/15)             Temple (1/1) D:7           Sewer (visited)
   Lair: D:8-11

Altars:
Ashenzari
Cheibriados
Dithmenos
Fedhas
Gozag
Hepliaklqana
Kikubaaqudgha
Makhleb
Nemelex Xobeh
Okawaru
Qazlal
Ru
Sif Muna
Trog
Uskayaw
Vehumet
Wu Jian
Xom
Yredelemnul
Zin
The Shining One

Shops:
D:5 *


Innate Abilities, Weirdness & Mutations

You have a pair of horns on your head.
You reflexively headbutt those who attack you in melee.


Message History

You hit the death yak. You burn the death yak. You headbutt the death yak!
The death yak is moderately wounded.
The death yak gores you!
You hit the death yak. You burn the death yak.
The death yak is moderately wounded.
You block the death yak's attack.
You barely miss the death yak. Your headbutt misses the death yak.
The death yak is moderately wounded.
The death yak gores you!
You barely miss the death yak.
You headbutt the death yak, but do no damage.
The death yak is moderately wounded.
You hit the death yak but do no damage.
The death yak is moderately wounded.
You block the death yak's attack.
You hit the death yak. You burn the death yak.
You headbutt the death yak, but do no damage.
The death yak is heavily wounded.
The death yak barely misses you.
You hit the death yak. You burn the death yak.
The death yak is heavily wounded.
The death yak gores you!
You barely miss the death yak.
The death yak is heavily wounded.
You hit the death yak. You burn the death yak.
The death yak is heavily wounded.
The death yak gores you!!
You are too injured to fight recklessly!
You are too injured to fight recklessly!
You feel very mighty all of a sudden. The death yak gores you.
You hit the death yak but do no damage. You headbutt the death yak!
The death yak is severely wounded.
The death yak gores you!!
* * * LOW HITPOINT WARNING * * *
You hit the death yak. You burn the death yak. You headbutt the death yak!
The death yak is severely wounded.
The death yak gores you!
You die...
Your body crumbles into a pile of gold.

###
..#
#.#
#.#
#<#
#.#
##.#
#.@#
#Y##
#.#
...
.#?#
##...
...
...


You could see a death yak.

Vanquished Creatures
  Grinder (D:4)
  Edmund (D:4)
  An ice beast (D:5)
  A black bear (D:7)
  An orc warrior (D:6)
  A sky beast (D:6)
  A phantom (D:5)
  2 kobold brigands
  4 bullfrogs
  A necrophage (D:5)
  5 scorpions
  A gnoll sergeant (D:6)
  4 howler monkeys
  3 hounds
  3 gnoll boudas (D:6)
  3 orc priests
  2 iguanas
  Ijyb (D:5)
  Natasha (thrice) (D:4)
  Terence (D:3)
  17 gnolls (D:6)
  7 adders
  3 river rats (D:6)
  A white imp (D:7)
  An ufetubus (D:6)
  7 worms
  2 dart slugs
  26 orcs
  15 ball pythons
  22 endoplasms
  18 giant cockroaches
  11 goblins
  10 hobgoblins
  5 jackals
  12 quokkas
  4 bats
  10 frilled lizards
  14 kobolds
  6 rats
231 creatures vanquished.

Vanquished Creatures (others)
  A wizard (D:3)
1 creature vanquished.

Grand Total: 232 creatures vanquished

Notes
Turn   | Place    | Note
-------+----------+-------------------------------------------
     0 | D:1      | Citaku the Minotaur Fighter began the quest for the Orb.
     0 | D:1      | Reached XP level 1. HP: 19/19 MP: 0/0
    66 | D:1      | Reached skill level 3 in Axes
    66 | D:1      | Reached XP level 2. HP: 27/27 MP: 1/1
   476 | D:1      | Reached XP level 3. HP: 33/33 MP: 2/2
   830 | D:2      | Identified the +1 robe "Pijius" {Harm MP+9 Int-2}
   885 | D:2      | Found an ornate altar of the Wu Jian Council.
   896 | D:2      | Reached skill level 4 in Axes
  1199 | D:2      | Reached XP level 4. HP: 40/40 MP: 3/3
  1785 | D:3      | Found a blossoming altar of Fedhas.
  1793 | D:3      | Found a stormy altar of Qazlal.
  1810 | D:3      | Found a faded altar of an unknown god.
  1919 | D:3      | Noticed Terence
  1928 | D:3      | Killed Terence
  1929 | D:3      | Reached XP level 5. HP: 40/47 MP: 4/4
  2111 | D:3      | Found a radiant altar of Vehumet.
  2111 | D:3      | Found a faded altar of an unknown god.
  2118 | D:3      | Found a faded altar of an unknown god.
  2120 | D:3      | Found a sparkling altar of Nemelex Xobeh.
  2122 | D:3      | Found a shadowy altar of Dithmenos.
  2200 | D:3      | Reached skill level 5 in Axes
  2367 | D:3      | Found a bloodstained altar of Trog.
  2368 | D:3      | Noticed a wizard
  2374 | D:3      | Killed a wizard
  2706 | D:4      | Reached skill level 5 in Fighting
  2708 | D:4      | Reached skill level 5 in Armour
  2708 | D:4      | Noticed Natasha
  2718 | D:4      | Killed Natasha
  2732 | D:4      | Noticed Natasha
  2746 | D:4      | Killed Natasha
  2747 | D:4      | Reached XP level 6. HP: 35/56 MP: 5/5
  2751 | D:4      | Noticed Grinder
  2769 | D:4      | Killed Grinder
  2770 | D:4      | Reached skill level 6 in Axes
  2770 | D:4      | Reached XP level 7. HP: 30/62 MP: 6/6
  2836 | D:4      | Noticed Edmund
  2855 | D:4      | Killed Edmund
  2856 | D:4      | Reached skill level 7 in Axes
  2927 | D:4      | Noticed Natasha
  2931 | D:4      | Killed Natasha
  3371 | D:5      | Entered Level 5 of the Dungeon
  3539 | D:5      | Found an opulent altar of Gozag.
  3545 | D:5      | Became a worshipper of Gozag Ym Sagoz the Greedy
  3684 | D:5      | Reached skill level 8 in Axes
  3777 | D:5      | Reached XP level 8. HP: 70/71 MP: 7/7
  3797 | D:5      | Found a basalt altar of Yredelemnul.
  3807 | D:5      | Found a glowing golden altar of the Shining One.
  3837 | D:5      | Noticed Ijyb
  3851 | D:5      | Killed Ijyb
  3871 | D:5      | Found Geism's Gadget Gallery.
  3978 | D:5      | Found a hide-covered altar of Uskayaw.
  4085 | D:5      | Found a glowing silver altar of Zin.
  4496 | D:6      | Reached skill level 9 in Axes
  4728 | D:6      | Found a glowing drain.
  4737 | Sewer    | Entered a sewer
  5307 | D:6      | Reached skill level 10 in Axes
  5489 | D:6      | Reached XP level 9. HP: 81/81 MP: 8/8
  5718 | D:6      | Found a shimmering blue altar of Sif Muna.
  6065 | D:7      | Found a staircase to the Ecumenical Temple.
  6089 | Temple   | Entered the Ecumenical Temple
  6533 | D:7      | Found an ancient bone altar of Kikubaaqudgha.
  6761 | D:7      | Reached skill level 11 in Axes
  6910 | D:7      | Found a burning altar of Makhleb.
  7431 | D:5      | Bought a phantom mirror for 560 gold pieces
  7491 | D:8      | Noticed a death yak
  7509 | D:8      | Slain by a death yak

Illustrated notes

Levels and vault maps discovered:
D:1:      dpeg_arrival_morbid_curiosity, layout_basic
D:2:      layout_loops_corners, basic_altar, lightli_corner_chamber
D:3:      layout_rooms, grunt_temple_overflow_forces_of_nature, trog_wizard,
          chequers_temple_overflow_minitemple,
          ebering_ecumenical_altar_abandoned, columned_hall_lemuel, uniq_terence
D:4:      layout_gridville, uniq_natasha, uniq_edmund, uniq_grinder
D:5:      layout_layer_cave, pdpol_temple_overflow_zin_treasury_gozag_greed,
          nicolae_uskayaw_suspiria, grunt_temple_overflow_holy_war,
          nicolae_shop_gadgets, uniq_ijyb
D:6:      layout_gridville, nicolae_sif_muna_condensation,
          lightli_sewer_entry_pipes
D:7:      layout_loops_corners, mainiacjoe_overflow_six_doors_small,
          lightli_temple_of_fire, minmay_temple_entry_trees
D:8:      layout_loops_cross, nicolae_elyvilon_temple_path,
          kennysheep_mini_moat, dpeg_lair_monsters, grunt_decor_junction,
          grunt_ogre_cave, hangedman_abyss_or_decor_stagger,
          kennysheep_small_circle, uniq_grum
Temple:   nicolae_temple_two_arcs

Skill      XL: |  1  2  3  4  5  6  7  8  9 |
---------------+----------------------------+-----
Axes           | 3 4 5 6 8 10 11 | 11.1
Armour         | 4 5 6 7 8 |  8.5
Fighting       | 4 5 6 7 8 |  8.4
Shields        | |  3.6

Action                   |  1- 3 |  4- 6 |  7- 9 || total
-------------------------+-------+-------+-------++-------
Melee: War axe           |    86 |    62 |       ||   148
       Headbutt          |    14 |    17 |    57 ||    88
       Hand axe          |       |    55 |   317 ||   372
  Use: Scroll            |       |       |    12 ||    12
       Potion            |       |       |     1 ||     1
Armor: Scale mail        |    43 |    53 |   110 ||   206
       Skin              |       |       |    13 ||    13
Dodge: Dodged            |    36 |    48 |   108 ||   192
Block: Buckler           |    18 |    15 |    48 ||    81

Table legend: (Time is in decaauts)
 A = Elapsed time spent in this place.
 B = Non-inter-level travel time spent in this place.
 C = Inter-level travel time spent in this place.
 D = Time resting spent in this place.
 E = Time spent auto-exploring this place.
 F = Levels seen in this place.
 G = Mean time per level.
                   A        B        C        D        E       F      G
               +--------+--------+--------+--------+--------+-----+--------+
         Total |   7670 |   7334 |    336 |    215 |   5657 |  10 |  767.0 |
       Dungeon |   7034 |   6698 |    336 |    215 |   5239 |   8 |  879.2 |
        Temple |    122 |    122 |      0 |      0 |    107 |   1 |  122.0 |
         Sewer |    513 |    513 |      0 |      0 |    311 |   1 |  513.0 |
               +--------+--------+--------+--------+--------+-----+--------+

Top non-repeatable levels by time:
     D:6: 1247 daAuts
     D:5: 1137 daAuts
     D:7: 1107 daAuts
     D:2: 1029 daAuts
     D:4: 969 daAuts
     D:1: 787 daAuts
     D:3: 736 daAuts
   Sewer: 513 daAuts
  Temple: 122 daAuts
     D:8: 19 daAuts
